 Dungeon Crawl Stone Soup version 0.30-a0-777-ga9a30cbeda (webtiles) character file.

Game seed: 10592476413895264680

2 theblackgale the Firebug (level 1, -2/13 HPs)
             Began as a Demonspawn Fire Elementalist on Feb 14, 2023.
             Slain by a hobgoblin (5 damage)
             ... on level 1 of the Dungeon.
             The game lasted 00:00:25 (29 turns).

theblackgale the Firebug (DsFE)                       Turns: 29, Time: 00:00:26

Health: -2/13      AC:  2    Str:  8    XL:     1   Next: 25%
Magic:  0/3        EV:  9    Int: 16    God:
Gold:   0          SH:  0    Dex: 13    Spells: 3/4 levels left

rFire   . . .      SeeInvis .    c - +0 whip
rCold   . . .      Faith    .    (no shield)
rNeg    . . .      Spirit   .    a - +0 robe
rPois   .          Reflect  .    (no helmet)
rElec   .          Harm     .    (no cloak)
rCorr   .          Rampage  .    (no gloves)
Will    .....                    (no boots)
Stlth   ++                       (no amulet)
HPRegen 0.22/turn                (no ring)
MPRegen 0.08/turn                (no ring)

@: constricted
A: no striking features
a: no special abilities


You were on level 1 of the Dungeon.
You visited 1 branch of the dungeon, and saw 1 of its levels.

Inventory:

Hand Weapons
 c - a +0 whip (weapon)
Armour
 a - a +0 robe (worn)
Potions
 b - a potion of magic


   Skills:
 + Level 1.7 Dodging
 + Level 1.7 Stealth
 + Level 2.0 Spellcasting
 + Level 1.0 Conjurations
 + Level 2.8 Fire Magic


You had 3 spell levels left.
You knew the following spells:

 Your Spells              Type           Power      Damage    Failure   Level
a - Foxfire               Conj/Fire      28%        2x1d5     10%         1

Your spell library contained the following spells:

 Spells                   Type           Power      Damage    Failure   Level
 Scorch                   Fire           20%        2d6       10%         2
 Inner Flame              Hex/Fire       6%         N/A       34%         3
 Kindle Blastsparks       Fire/Tloc/Air  8%         2d10      38%         3
 Flame Wave               Conj/Fire      7%         2d5       67%         4


Dungeon Overview and Level Annotations

Branches:
Dungeon (1/15)

Altars:


Message History

d - a scroll labelled VAMAJ RUFYGEAN
As you read the scroll labelled VAMAJ RUFYGEAN, it crumbles to dust.
You feel strangely unstable.
It was a scroll of teleportation.
Magic restored.
Your surroundings suddenly seem different.
A frilled lizard, a ball python and a kobold come into view.
Found an emerald potion and 8 gold pieces.
The ball python hisses angrily.
The frilled lizard hisses angrily.
You hear a shout!
A hobgoblin comes into view.
The frilled lizard barely misses you.
You barely miss the frilled lizard. The ball python closely misses you.
The ball python grabs you. The ball python constricts you.
The frilled lizard barely misses you. The ball python bites you.
The ball python constricts you.
You barely miss the frilled lizard. The frilled lizard barely misses you.
The ball python bites you. The ball python constricts you.
Casting: Foxfire (safe; 10% risk of failure)
Confirm with . or Enter, or press ? or * to list all spells.
You conjure some foxfire!
The frilled lizard completely misses you.
The ball python bites you. The ball python constricts you.
Casting: Foxfire (safe; 10% risk of failure)
Confirm with . or Enter, or press ? or * to list all spells.
You conjure some foxfire!
The foxfire hits the frilled lizard.
You kill the frilled lizard!
The foxfire hits the hobgoblin.
The hobgoblin is heavily wounded.
The ball python bites you. The ball python constricts you.
The hobgoblin hits you.
* * * LOW HITPOINT WARNING * * *
Casting: Foxfire (safe; 10% risk of failure)
Confirm with . or Enter, or press ? or * to list all spells.
You conjure some foxfire!
The foxfire hits the hobgoblin.
The hobgoblin is severely wounded.
The foxfire hits the hobgoblin.
The hobgoblin is almost dead.
The ball python closely misses you. The ball python constricts you.
The hobgoblin hits you.
You die...

..#.....# ...
....# .........
# ......#.# .##
.....#..## ....
......... .....
#..v.#......
#.§v@g#
......§.S.K...#
#######.....#$#
.....#...
#........
######... ###


You could see a hobgoblin (ally target), a ball python and a kobold.

Vanquished Creatures
  A quokka (D:1)
  A frilled lizard (D:1)
2 creatures vanquished.

Vanquished Creatures (others)
  5 foxfires (D:1)
5 creatures vanquished.

Grand Total: 7 creatures vanquished

Notes
Turn   | Place    | Note
-------+----------+-------------------------------------------
     0 | D:1      | theblackgale the Demonspawn Fire Elementalist began the
                  | quest for the Orb.
     0 | D:1      | Reached XP level 1. HP: 13/13 MP: 3/3
    29 | D:1      | Slain by a hobgoblin

Illustrated notes

Levels and vault maps discovered:
D:1:      minmay_arrival_arboretum_small, layout_basic, serial_forest,
          infiniplex_forest_corner_1, infiniplex_forest_join,
          infiniplex_forest_straight_3, infiniplex_forest_straight_4,
          infiniplex_forest_straight_2, infiniplex_forest_clump_curved,
          infiniplex_forest_corner_1, hangedman_abyss_or_decor_lesser_grid

Action                     || total
---------------------------++-------
  Melee: Whip              ||     2
   Cast: Foxfire           ||     4
    Use: Scroll            ||     1
  Dodge: Dodged            ||     6

Table legend: (Time is in decaauts)
 A = Elapsed time spent in this place.
 B = Non-inter-level travel time spent in this place.
 C = Inter-level travel time spent in this place.
 D = Time resting spent in this place.
 E = Time spent auto-exploring this place.
 F = Levels seen in this place.
 G = Mean time per level.
                   A        B        C        D        E       F      G
               +--------+--------+--------+--------+--------+-----+--------+
         Total |     28 |     12 |     16 |      0 |      0 |   1 |   28.0 |
       Dungeon |     28 |     12 |     16 |      0 |      0 |   1 |   28.0 |
               +--------+--------+--------+--------+--------+-----+--------+

Top non-repeatable levels by time:
     D:1: 28 daAuts
